 Dungeon Crawl Stone Soup version 0.28.0-53-g5a82cb258f (webtiles) character file.

Game seed: 11922570419742868466

1497 Zeld the Magician (level 8, -3/41 HPs)
             Began as a Deep Elf Summoner on May 21, 2022.
             Slain by a hound (5 damage)
             ... on level 5 of the Dungeon.
             The game lasted 00:09:08 (6835 turns).

Zeld the Magician (Deep Elf Summoner)               Turns: 6835, Time: 00:09:09

Health: -3/41      AC:  3    Str:  5    XL:     8   Next: 51%
Magic:  21/21      EV: 14    Int: 23    God:
Gold:   74         SH:  0    Dex: 15    Spells: 9/22 levels left

rFire   . . .      SeeInvis .   a - +2 dagger (vamp)
rCold   . . .      Faith    .   (no shield)
rNeg    . . .      Spirit   .   c - +0 robe
rPois   .          Reflect  .   (no helmet)
rElec   .          Harm     .   l - +0 cloak
rCorr   .          Rampage  .   (no gloves)
Will    +....                   (no boots)
Stlth   ++........              o - amulet of magic regeneration
HPRegen 0.13/turn               p - ring of willpower
MPRegen 0.57/turn               (no ring)

@: no status effects
A: no striking features
a: no special abilities


You were on level 5 of the Dungeon.
You visited 1 branch of the dungeon, and saw 5 of its levels.

You collected 178 gold pieces.
You spent 104 gold pieces at shops.

Inventory:

Hand Weapons
 a - a +2 vampiric dagger (weapon)
Armour
 c - a +0 robe (worn)
 l - a +0 cloak (worn)
Jewellery
 o - an amulet of magic regeneration (around neck)
 p - a ring of willpower (left hand)
Scrolls
 b - 2 scrolls of teleportation
 e - 5 scrolls of identify
 g - a scroll of blinking
 n - a scroll of fog {unknown}
Potions
 d - a potion of cancellation {unknown}
 f - a potion of brilliance {unknown}
 h - a potion of degeneration {unknown}
 i - 2 potions of might {unknown}
 j - 2 potions of lignification {unknown}
 k - a potion of heal wounds {unknown}
 m - a potion of curing {unknown}


   Skills:
 * Level 4.2 Short Blades
 + Level 5.2 Dodging
 - Level 2.4 Stealth
 * Level 7.6 Spellcasting
 + Level 3.8 Hexes
 * Level 7.4 Summonings
 + Level 2.7 Air Magic


You had 9 spell levels left.
You knew the following spells:

 Your Spells              Type           Power      Damage    Failure   Level
a - Summon Small Mammal   Summ           100%       N/A       1%          1
b - Call Imp              Summ           42%        N/A       1%          2
c - Call Canine Familiar  Summ           42%        N/A       1%          3
d - Summon Guardian Gole  Hex/Summ       34%        N/A       2%          3
e - Summon Lightning Spi  Summ/Air       32%        N/A       9%          4

Your spell library contained the following spells:

 Spells                   Type           Power      Damage    Failure   Level


Dungeon Overview and Level Annotations

Branches:
Dungeon (5/15)
 Temple: D:4-7

Altars:
Vehumet
Wu Jian
Yredelemnul

Shops:
D:2 ?

Annotations:
D:5 Dowan, Duvessa, Menkaure


Message History

* * * LOW HITPOINT WARNING * * *
An orc and an orc wizard come into view.
Menkaure calls on the powers of darkness!
Your body is wracked with pain!
* * * LOW HITPOINT WARNING * * *
A howler monkey comes into view.
A hound and a quokka come into view.
The hound barks!
Dowan, an orc priest and an orc come into view.
Dowan is wielding a +0 dagger, wearing a +2 robe of resistance and carrying a wand of flame (7).
The bullfrog skeleton misses you.
The bullfrog skeleton closely misses you.
Dowan zaps a wand.
The puff of flame misses you. The hound bites you but does no damage.
Menkaure calls on the powers of darkness!
Your body is wracked with pain!
* * * LOW HITPOINT WARNING * * *
The hound convulses!
Duvessa, Sister of Dowan comes into view.
She is wielding a +0 rapier and wearing a +1 leather armour of poison resistance.
The orc shouts!
You hear a shout!
The howler monkey barely misses you. The quokka closely misses you.
The bullfrog skeleton barely misses you.
The hound bites you but does no damage.
Dowan says, "Stay away from my face!"
The howler monkey hits you.
* * * LOW HITPOINT WARNING * * *
The hound bites you.
* * * LOW HITPOINT WARNING * * *
Menkaure calls on the powers of darkness!
The orc wizard convulses!
The quokka convulses!
The howler monkey convulses!
The hound convulses!
You feel a surge of unholy energy.
The orc convulses! x2
Dowan casts a spell at Duvessa.
Duvessa seems to speed up.
The hound bites you but does no damage. The howler monkey barely misses you.
Menkaure is no longer moving quickly.
The hound barely misses you. Duvessa says, "Did you see that move?
Perfect!"
The howler monkey hoots and howls with incredible vigour!
Dowan says, "Stay away from my face!"
Dowan barely misses you. The hound bites you.
You die...

....?......#####..## ...
##..>.....####.....#####
....
#.##..#..M.#...........
## #..
#..##............... #..
#.##..##............ .
.. ##.^..9.r........ ...
#.....oohZe....#
.........o..#he.....#
..#....#.##@##.... .
#....#.##...#...
....###..#....... ...#
#........... ..#
............ .#......#.
#.......# #...#...


You could see Duvessa (fast), Menkaure, Dowan, a howler monkey (catching
breath), a hound (ally target), an orc wizard, an orc, a quokka, a bullfrog
skeleton and a friendly guardian golem (summoned).

Vanquished Creatures
  A scorpion (D:5)
  A dart slug (D:4)
  A ball python (D:2)
  An endoplasm (D:2)
  2 giant cockroaches
  A hobgoblin (D:3)
  2 jackals (D:3)
  A bat (D:1)
  A goblin (D:4)
  A kobold (D:3)
12 creatures vanquished.

Vanquished Creatures (collateral kills)
  Prince Ribbit (D:5)
  A sky beast (D:4)
  An ice beast (D:4)
  A necrophage (D:4)
  3 ogres
  A phantom (D:4)
  3 scorpions (D:4)
  A centaur zombie (D:5)
  2 orc priests (D:5)
  A hound (D:4)
  2 iguanas (D:4)
  2 orc wizards
  A hound skeleton (D:5)
  5 adders
  8 gnolls
  An ufetubus (D:4)
  An adder skeleton (D:4)
  A dart slug (D:3)
  16 orcs
  5 ball pythons
  5 bats
  5 endoplasms
  2 giant cockroaches (D:1)
  5 goblins
  4 hobgoblins
  3 jackals (D:3)
  6 kobolds
  3 quokkas
  7 frilled lizards
  4 rats
101 creatures vanquished.

Vanquished Creatures (others)
  3 fungi (D:3)
  23 plants
26 creatures vanquished.

Grand Total: 139 creatures vanquished

Notes
Turn   | Place    | Note
-------+----------+-------------------------------------------
     0 | D:1      | Zeld the Deep Elf Summoner began the quest for the Orb.
     0 | D:1      | Reached XP level 1. HP: 10/10 MP: 6/6
   291 | D:1      | Reached XP level 2. HP: 15/15 MP: 5/8
   294 | D:1      | Learned a level 2 spell: Call Imp
  1414 | D:2      | Identified the +7 spear "Ollob" {vorpal, Str+2}
  1429 | D:2      | Reached XP level 3. HP: 19/19 MP: 8/10
  1433 | D:2      | Learned a level 3 spell: Call Canine Familiar
  1437 | D:2      | Learned a level 3 spell: Summon Guardian Golem
  1509 | D:2      | Found an ornate altar of the Wu Jian Council.
  1686 | D:2      | Found Igrod's Magic Scroll Boutique.
  1698 | D:2      | Bought a scroll of identify for 26 gold pieces
  1698 | D:2      | Bought a scroll of identify for 26 gold pieces
  1698 | D:2      | Bought a scroll of identify for 26 gold pieces
  1698 | D:2      | Bought a scroll of identify for 26 gold pieces
  1779 | D:2      | Reached skill level 5 in Summonings
  2113 | D:3      | Reached XP level 4. HP: 24/24 MP: 10/12
  2417 | D:3      | Found a faded altar of an unknown god.
  3068 | D:3      | Reached XP level 5. HP: 27/28 MP: 5/14
  3079 | D:3      | Learned a level 4 spell: Summon Lightning Spire
  3224 | D:3      | Reached skill level 5 in Spellcasting
  3458 | D:4      | Noticed an ogre
  3580 | D:4      | Noticed a sky beast
  3613 | D:4      | Killed a sky beast
  3614 | D:4      | Reached skill level 1 in Short Blades
  3614 | D:4      | Reached skill level 1 in Hexes
  3802 | D:4      | Reached XP level 6. HP: 18/32 MP: 9/16
  4073 | D:4      | Reached skill level 1 in Air Magic
  4242 | D:4      | Identified the +1 ring mail of Lugonu's Approval {rF+ rN++}
  4347 | D:4      | Noticed an ice beast
  4372 | D:4      | Killed an ice beast
  4373 | D:4      | Reached XP level 7. HP: 36/36 MP: 10/18
  4856 | D:4      | Found a radiant altar of Vehumet.
  4883 | D:4      | Found a basalt altar of Yredelemnul.
  5467 | D:5      | Entered Level 5 of the Dungeon
  5558 | D:5      | Reached XP level 8. HP: 41/41 MP: 17/20
  5661 | D:5      | Noticed Menkaure
  6421 | D:5      | Reached skill level 5 in Dodging
  6624 | D:5      | Noticed Prince Ribbit
  6677 | D:5      | HP: 2/41 [Prince Ribbit (16)]
  6678 | D:5      | Killed Prince Ribbit
  6830 | D:5      | Noticed Dowan
  6832 | D:5      | Noticed Duvessa
  6833 | D:5      | HP: 2/41 [hound (2)]
  6835 | D:5      | Slain by a hound

Illustrated notes

Levels and vault maps discovered:
D:1:      tarquinn_simple_flora_water_f, layout_basic, minmay_tetromino_t2
D:2:      layout_rooms, basic_altar, serial_shops, nicolae_square_shop,
          solitary_fountain, kennysheep_generic_room_4
D:3:      layout_basic, shapermc_ecumenical_altar_hornbeckon
D:4:      minmay_octagon_keep, layout_loops_cross,
          mainiacjoe_overflow_catwalk_spiral
D:5:      layout_cave_pools, st_stairs_11, serial_bayou_lagoon_b,
          uniq_prince_ribbit1, uniq_menkaure, uniq_duvessa

Skill      XL: |  1  2  3  4  5  6  7  8 |
---------------+-------------------------+-----
Dodging        | 3 4 5 |  5.2
Spellcasting   | 4 5 6 7 |  7.6
Summonings     | 5 6 7 |  7.4
Short Blades   | 1 2 3 4 |  4.2
Hexes          | 1 2 3 |  3.8
Air Magic      | 1 2 |  2.7
Stealth        | |  2.4

Action                   |  1- 3 |  4- 6 |  7- 9 || total
-------------------------+-------+-------+-------++-------
Melee: Unarmed           |    19 |       |       ||    19
       Dagger            |    23 |    62 |    31 ||   116
 Cast: Summon Small Mamm |    51 |    26 |    21 ||    98
       Call Imp          |    17 |    26 |    23 ||    66
       Call Canine Famil |     3 |    13 |    19 ||    35
       Summon Guardian G |       |     1 |     1 ||     2
  Use: Scroll            |     1 |     1 |       ||     2
 Stab: Sleeping          |     3 |       |       ||     3
Armor: Robe              |    24 |    14 |     9 ||    47
Dodge: Dodged            |    66 |    74 |    50 ||   190
